 Dungeon Crawl Stone Soup version 0.29.0-15-g675c0067aa (webtiles) character file.

Game seed: 11723977840038650995

7191 Tsarbomb the Carver (level 11, -4/121 HPs)
             Began as a Merfolk Monk on Sept 11, 2022.
             Was an Initiate of Yredelemnul.
             Killed from afar by a rime drake (16 damage)
             ... with a flash freeze
             ... on level 1 of the Lair of Beasts.
             The game lasted 00:30:30 (11330 turns).

Tsarbomb the Carver (Merfolk Monk)                 Turns: 11330, Time: 00:30:34

Health: -4/121     AC: 25    Str: 11 (14) XL:     11   Next: 11%
Magic:  16/16      EV:  2    Int: 12 (14) God:    Yredelemnul [......]
Gold:   738        SH: 15    Dex: 15 (18) Spells: 10/10 levels left

rFire   . . .      SeeInvis .   T - +2 long sword
rCold   . . .      Faith    .   x - +0 kite shield
rNeg    + . .      Spirit   .   (body armour currently unavailable)
rPois   +          Reflect  +   (helmet currently unavailable)
rElec   .          Harm     .   (cloak currently unavailable)
rCorr   +          Rampage  .   (gloves currently unavailable)
Will    .....      NoTele   +   (boots currently unavailable)
Stlth   ++........              b - amulet of reflection
HPRegen 0.30/turn               c - ring of positive energy
MPRegen 0.15/turn               Q - ring of resist corrosion

@: tree-form
A: stationary, stasis, torment immunity, boosted hp, (nimble swimmer 2),
(mertail), clever 1, strong 1, MP-powered wands
a: Renounce Religion, Recall Undead Harvest


You were on level 1 of the Lair of Beasts.
You worshipped Yredelemnul.
Yredelemnul was noncommittal.
You were a tree.
You visited 2 branches of the dungeon, and saw 11 of its levels.
You also visited: Bailey.

You collected 858 gold pieces.
You spent 120 gold pieces at shops.

Inventory:

Hand Weapons
 a - a +0 falchion
 f - a +0 sling
 v - a +1 falchion of draining
 A - a +1 dagger of venom
 P - a +0 short sword
 T - a +2 long sword (weapon)
 V - a +2 dire flail of protection
Missiles
 m - 2 poisoned darts (quivered)
 J - a throwing net
Armour
 g - a +0 helmet (melded)
 q - a +2 pair of boots of flying (melded)
 r - a +0 pair of gloves (melded)
 x - a +0 kite shield (worn)
 F - a +0 scale mail (melded)
Jewellery
 b - an amulet of reflection (around neck)
 c - a ring of positive energy (left branch)
 y - a ring of wizardry
 z - a +4 ring of evasion
 K - a ring of positive energy
 Q - a ring of resist corrosion (right branch)
Wands
 M - a wand of roots (9)
 N - a wand of light (5)
 S - a wand of flame (63)
 W - a wand of paralysis (7)
Scrolls
 d - 2 scrolls of summoning
 e - a scroll of amnesia {unknown}
 h - 3 scrolls of magic mapping {unknown}
 j - a scroll of acquirement {unknown}
 l - 4 scrolls of teleportation
 n - a scroll of fear {unknown}
 s - 3 scrolls of enchant armour {unknown}
 t - 3 scrolls of immolation {unknown}
 w - 2 scrolls of blinking {unknown}
 B - 4 scrolls of enchant weapon {unknown}
 C - 4 scrolls of noise {unknown}
 E - 4 scrolls of identify {unknown}
 H - 2 scrolls of fog
Potions
 i - 5 potions of curing
 k - 3 potions of heal wounds {unknown}
 o - 4 potions of lignification
 p - 6 potions of flight
 u - 2 potions of degeneration
 D - 2 potions of cancellation {unknown}
 G - 2 potions of haste {unknown}
 I - a potion of ambrosia
 L - a potion of resistance {unknown}
 O - a potion of mutation
 R - a potion of magic {unknown}
 U - a potion of berserk rage {unknown}


   Skills:
 + Level 6.1 Fighting
 - Level 14.2 Long Blades
 - Level 0.7 Throwing
 + Level 3.5 Armour
 - Level 4.0 Dodging
 - Level 2.1 Stealth
 * Level 7.0 Shields
 * Level 7.3 Invocations


You had 10 spell levels left.
You didn't know any spells.
Your spell library contained the following spells:

 Spells                   Type           Power      Damage    Failure   Level
 Necrotise                Necr           0%         1d4       65%         1
 Static Discharge         Conj/Air       0%         3-3/arc   78%         2
 Sublimation of Blood     Necr           0%         N/A       78%         2
 Portal Projectile        Hex/Tloc       0%         N/A       95%         3
 Tukima's Dance           Hex            0%         N/A       95%         3
 Vampiric Draining        Necr           0%         2d6       95%         3
 Petrify                  Tmut/Erth      0%         N/A       100%        4
 Agony                    Necr           0%         N/A       100%        5
 Blade Hands              Tmut           0%         N/A       100%        5
 Irradiate                Conj/Tmut      0%         3d11      100%        5
 Lightning Bolt           Conj/Air       0%         1d11      100%        5
 Maxwell's Capacitive Co  Air            0%         ∞         100%        8


Dungeon Overview and Level Annotations

Branches:
Dungeon (10/15)            Temple (0/1) D:7            Lair (1/5) D:8
 Bailey (visited)
    Orc: D:9-12

Altars:
Dithmenos
Fedhas
Gozag
Kikubaaqudgha
Qazlal
Ru
Uskayaw
Vehumet
Xom
Yredelemnul

Shops:
D:2 (   D:6 (   D:7 !   D:8 !   D:10 [

Annotations:
D:2 exclusion: downstairs
D:7 3 runed translucent doors, gdog's ghost, novice GnSu
D:10 Urug


Innate Abilities, Weirdness & Mutations

You are a tree.
Your roots penetrate the ground, keeping you stationary.
You cannot be teleported.
You are immune to unholy pain and torment.
Your maximum health is greatly increased.
Your equipment is partially melded.
((You are very nimble when in or above water. (Stealth+, EV+, Speed+++)))
((Your lower body shifts to a powerful aquatic tail in water.))
Your mind is acute. (Int +4, Str/Dex -1)
Your muscles are strong. (Str +4, Int/Dex -1)
You expend magic power (3 MP) to strengthen your wands.


Message History

The cane toad is severely wounded.
You feel very sick. You block the cane toad's attack. The cane toad stings you.
You feel better. You block the cane toad's attack.
You barely miss the cane toad.
The cane toad is severely wounded.
You block the cane toad's attack.
You slash the cane toad!
The cane toad is almost dead.
The cane toad stings you.
You barely miss the cane toad.
The cane toad is almost dead.
You block the cane toad's attack.
You slash the cane toad!
You kill the cane toad!
The rime drake breathes ice at you. The flash freeze hits you!!
* * * LOW HITPOINT WARNING * * *
You are encased in ice.
Your Shields skill increases to level 7!
Okay, then.
It was a potion of lignification.
You turn into a tree.
Your +0 helmet melds into your body.
Your +0 pair of gloves melds into your body.
Your +2 pair of boots of flying melds into your body.
Your +0 scale mail melds into your body.
You float gracefully downwards.
Your roots penetrate the ground.
The ice encasing you melts away. You block the rime drake's attack.
As you read the scroll of summoning, it crumbles to dust.
Wisps of shadow whirl around you... The rime drake bites you.
* * * LOW HITPOINT WARNING * * *
Unknown command.
It was a potion of degeneration.
There was something very wrong with that liquid.
You feel weakened.
You feel dopey.
You feel clumsy. The rime drake breathes ice at you. The flash freeze hits you!
You die...
Your body rises from the dead as a mindless zombie.

#..........##<.+
#P+..##.#######P..
#...#### #.. ##...#
## ##..#### ###
###'##.# ##.#.P####
##Y..>.##
..$......####YYY.Y.#
..........##♣+.....#
.........+.kY.YY.Y.##
.........##.P.......#
$........#####.....##
.........# ##......#
#####.P#.# #.#######
###### ###


You could see a rime drake (catching breath, ally target) and 9 friendly yaks.

Vanquished Creatures
  A cane toad (Lair:1)
  Psyche (D:9)
  2 wyverns
  5 yaks (D:9)
  An acid dragon (D:9)
  A water moccasin (D:5)
  2 ice beasts
  2 sky beasts
  Duvessa (D:7)
  2 black bears
  8 orc warriors
  2 ogres (D:5)
  A phantom (D:5)
  A necrophage (D:6)
  A gnoll sergeant (D:7)
  3 bullfrogs
  4 scorpions
  2 wights (D:8)
  Dowan (D:7)
  3 killer bees (D:9)
  2 howler monkeys (D:8)
  4 hounds
  A jelly (D:5)
  5 orc priests
  2 gnoll boudas (D:7)
  Jessica (D:3)
  6 iguanas
  9 orc wizards
  11 gnolls
  8 adders
  2 white imps
  An ufetubus (D:5)
  A worm (D:2)
  The ghost of Voxie the Sneak, a weakling DgDe (D:5)
  3 dart slugs
  32 orcs
  2 ball pythons
  6 bats
  4 endoplasms
  2 giant cockroaches
  3 goblins
  8 hobgoblins
  4 jackals (D:2)
  4 quokkas
  2 frilled lizards
  17 kobolds
  5 rats
190 creatures vanquished.

Vanquished Creatures (collateral kills)
  A two-headed ogre (D:9)
  An orc knight (Bailey)
  Sigmund (D:3)
  A yak (D:9)
  2 orc warriors (Bailey)
  A sky beast (D:7)
  3 wights (D:8)
  An iguana (D:6)
  2 gnolls (D:7)
  9 orcs
  An endoplasm (D:3)
  A goblin (Bailey)
  A hobgoblin (Bailey)
  2 kobolds (Bailey)
27 creatures vanquished.

Vanquished Creatures (others)
  2 yak zombies (D:9)
  2 bullfrog zombies
  2 scorpion zombies (D:5)
  A hound zombie (D:5)
  3 gnoll zombies (D:7)
  A dart slug zombie (D:4)
  A goblin zombie (Bailey)
  5 kobold zombies (Bailey)
  16 orc zombies
  A quokka zombie (D:5)
  3 fungi
  4 plants
41 creatures vanquished.

Grand Total: 258 creatures vanquished

Notes
Turn   | Place    | Note
-------+----------+-------------------------------------------
     0 | D:1      | Tsarbomb the Merfolk Monk began the quest for the Orb.
     0 | D:1      | Reached XP level 1. HP: 18/18 MP: 1/1
   260 | D:1      | Reached skill level 4 in Long Blades
   297 | D:1      | Reached XP level 2. HP: 24/24 MP: 2/2
  1113 | D:2      | Reached skill level 5 in Long Blades
  1113 | D:2      | Reached XP level 3. HP: 22/29 MP: 3/3
  1475 | D:2      | Found Peleruc's Antique Weapon Shop.
  1996 | D:3      | Found a shimmering altar of Xom.
  2007 | D:3      | Noticed Jessica
  2011 | D:3      | Noticed Sigmund
  2428 | D:3      | Found a basalt altar of Yredelemnul.
  2502 | D:3      | Killed Jessica
  2503 | D:3      | Reached skill level 6 in Long Blades
  2503 | D:3      | Reached XP level 4. HP: 25/35 MP: 4/4
  2522 | D:3      | Became a worshipper of Yredelemnul the Dark
  2522 | D:3      | Reached * piety under Yredelemnul
  2522 | D:3      | Reached ** piety under Yredelemnul
  2861 | D:3      | Killed Sigmund
  2862 | D:3      | Reached skill level 7 in Long Blades
  2862 | D:3      | Reached XP level 5. HP: 28/41 MP: 2/6
  2862 | D:3      | Reached XP level 6. HP: 33/47 MP: 2/7
  3013 | D:3      | Found an opulent altar of Gozag.
  3136 | D:4      | Found a hide-covered altar of Uskayaw.
  3349 | D:4      | Reached skill level 8 in Long Blades
  3612 | D:4      | Noticed a black bear
  3621 | D:4      | Killed a black bear
  3622 | D:4      | Reached XP level 7. HP: 40/52 MP: 5/9
  3889 | D:4      | Found an ancient bone altar of Kikubaaqudgha.
  3889 | D:4      | Found a sacrificial altar of Ru.
  3895 | D:4      | Found a stormy altar of Qazlal.
  3899 | D:4      | Found a blossoming altar of Fedhas.
  4318 | D:5      | Entered Level 5 of the Dungeon
  4330 | D:5      | Reached skill level 9 in Long Blades
  4420 | D:5      | Reached skill level 10 in Long Blades
  4420 | D:5      | Reached XP level 8. HP: 25/58 MP: 10/10
  5168 | D:5      | Reached skill level 11 in Long Blades
  5642 | D:5      | Found a runed translucent door.
  5644 | D:5      | Noticed Voxie's ghost (weakling DgDe)
  5729 | D:5      | Killed Voxie's ghost
  5796 | D:5      | Reached skill level 1 in Shields
  5971 | D:6      | Reached skill level 12 in Long Blades
  6032 | D:6      | Reached XP level 9. HP: 64/64 MP: 12/12
  6136 | D:6      | Reached skill level 5 in Invocations
  6443 | D:6      | Found Ziolos Cocy's Weapon Emporium.
  6679 | D:7      | Found a shadowy altar of Dithmenos.
  6782 | D:7      | Reached skill level 13 in Long Blades
  7055 | D:7      | Found Lose's Distillery.
  7096 | D:7      | Bought a potion of mutation for 120 gold pieces
  7096 | D:7      | Gained mutation: Your muscles are strong. (Str +4, Int/Dex
                  | -1) [potion of mutation]
  7096 | D:7      | Gained mutation: Your mind is acute. (Int +4, Str/Dex -1)
                  | [potion of mutation]
  7096 | D:7      | Gained mutation: You expend magic power (3 MP) to
                  | strengthen your wands. [potion of mutation]
  7151 | D:7      | Found a flagged portal.
  7181 | Bailey   | Entered a bailey
  7355 | Bailey   | Noticed an orc knight
  7359 | Bailey   | Killed an orc knight
  7360 | Bailey   | Reached skill level 1 in Armour
  7533 | Bailey   | Reached skill level 14 in Long Blades
  7533 | Bailey   | Reached XP level 10. HP: 33/71 MP: 14/14
  7968 | D:7      | Found a staircase to the Ecumenical Temple.
  7970 | D:7      | Noticed Dowan
  7973 | D:7      | Noticed Duvessa
  7976 | D:7      | Killed Dowan
  7989 | D:7      | Killed Duvessa
  8151 | D:7      | Found a radiant altar of Vehumet.
  8306 | D:7      | Found a runed translucent gate.
  8306 | D:7      | Found a runed translucent gate.
  8306 | D:7      | Found a runed translucent gate.
  8308 | D:7      | Noticed gdog's ghost (novice GnSu)
  8308 | D:7      | Noticed a kobold demonologist
  8526 | D:8      | Found Holesiab's Distillery.
  8599 | D:8      | Found a staircase to the Lair.
  9581 | D:9      | Reached skill level 5 in Fighting
  9601 | D:9      | Reached *** piety under Yredelemnul
  9607 | D:9      | Reached skill level 5 in Shields
  9817 | D:9      | Reached **** piety under Yredelemnul
  9950 | D:9      | Reached ***** piety under Yredelemnul
 10507 | D:9      | Noticed Psyche
 10570 | D:9      | Killed Psyche
 10830 | D:9      | Noticed a two-headed ogre
 10839 | D:9      | Killed a two-headed ogre
 10840 | D:9      | Reached XP level 11. HP: 62/81 MP: 11/16
 11090 | D:10     | Entered Level 10 of the Dungeon
 11171 | D:10     | Found Hostris's Antique Armour Boutique.
 11177 | D:10     | Noticed Urug
 11267 | Lair:1   | Entered Level 1 of the Lair of Beasts
 11330 | Lair:1   | Killed from afar by a rime drake

Illustrated notes

Levels and vault maps discovered:
D:1:      minmay_arrival_pointy, layout_basic, glass_columns_a
D:2:      layout_basic, serial_shops, shop
D:3:      layout_basic, mainiacjoe_overflow_six_doors_small,
          mainiacjoe_overflow_alcove_2, xom_teletrap_fun, uniq_jessica,
          uniq_sigmund
D:4:      layout_loops_corners, grunt_temple_overflow_forces_of_nature,
          mainiacjoe_overflow_chevrons, mainiacjoe_overflow_divided_tiny,
          kennysheep_orc_chapel
D:5:      layout_rooms, ebering_ghost_reflecting_pool, hangedman_minor_gate_pass
D:6:      layout_cave_pools, serial_shops, nicolae_shop_behind_doors,
          serial_column_ruins, column_ruins_grid_3,
          column_ruins_corridor_straight, column_ruins_grid_1,
          column_ruins_open_medium, column_ruins_grid_2,
          column_ruins_open_small_water, column_ruins_columns_plus,
          kennysheep_windowed_goal
D:7:      layout_basic, nicolae_overflow_crystal_walls, vehumet_altar_wand_db,
          minmay_temple_entry_nine_rooms, enter_bailey_2,
          gammafunk_ghost_nasty_kobolds, serial_shops, nicolae_square_shop,
          uniq_duvessa
D:8:      layout_basic, dpeg_oklobed_lair, serial_shops, nicolae_stop_n_shop_2
D:9:      layout_loops_ring, uniq_psyche
D:10:     layout_cave_pods, mainiacjoe_overflow_alcove_4, serial_shops,
          nicolae_shop_crystal, uniq_urug, uniq_sonja
Lair:1:   layout_roguey

Skill      XL: |  1  2  3  4  5  6  7  8  9 10 11 |
---------------+----------------------------------+-----
Long Blades    | 4 5 6 7 8 10 12 14 | 14.2
Invocations    | 2 3 4 6 7 |  7.3
Shields        | 1 3 6 7 |  7.0
Fighting       | 4 6 |  6.1
Armour         | 1 3 |  3.5
Throwing       | |  0.7
Dodging        | |  4.0
Stealth        | |  2.1

Action                   |  1- 3 |  4- 6 |  7- 9 | 10-12 || total
-------------------------+-------+-------+-------+-------++-------
Melee: Falchion          |   113 |    46 |   347 |   135 ||   641
       Punch             |       |       |     4 |       ||     4
       Long sword        |       |       |       |   147 ||   147
       Tailslap          |       |       |       |     1 ||     1
 Fire: Sling             |     7 |       |       |       ||     7
Throw: Dart              |     3 |       |     2 |       ||     5
Invok: Recall Undead Har |       |     4 |     4 |     5 ||    13
       Dark Bargain      |       |       |     1 |     5 ||     6
  Use: Potion            |       |     1 |     1 |     3 ||     5
       Scroll            |       |       |       |     4 ||     4
 Stab: Sleeping          |     3 |     2 |     1 |       ||     6
       Distracted        |       |     1 |     2 |       ||     3
Armor: Robe              |     7 |       |       |       ||     7
       Leather armour    |     2 |       |       |       ||     2
       Ring mail         |    31 |    22 |    42 |       ||    95
       Scale mail        |       |       |    38 |    60 ||    98
Dodge: Dodged            |    68 |    22 |   119 |    57 ||   266
Block: Other             |       |     2 |    62 |    12 ||    76
       Reflection        |       |       |     4 |     1 ||     5
       Kite shield       |       |       |       |   112 ||   112
